 Dungeon Crawl Stone Soup version 0.26-a0-6-g448add79b7 (webtiles) character file.

Game seed: 11417442832275766707, levelgen mode: deterministic

95 Chiseanne the Thaumaturge (level 4, 0/48 HPs)
             Began as a Gnoll Wanderer on May 24, 2020.
             Was an Initiate of Trog.
             Succumbed to a killer bee's poison
             ... on level 5 of the Dungeon.
             The game lasted 00:08:42 (1989 turns).

Chiseanne the Thaumaturge (Gnoll Wanderer)          Turns: 1989, Time: 00:08:43

Health: 0/48       AC: 22    Str: 18    XL:     4   Next: 66%
Magic:  15/15      EV:  2    Int: 13    God:    Trog [......]
Gold:   155        SH:  0    Dex: 13    Spells: 20/21 levels left

rFire    . . .     SeeInvis .   k - +2 dagger (drain)
rCold    . . .     Gourm    .   (no shield)
rNeg     + + +     Faith    .   (armour currently unavailable)
rPois    +         Spirit   .   (helmet currently unavailable)
rElec    .         Reflect  .   (cloak currently unavailable)
rCorr    .         Harm     .   (gloves currently unavailable)
MR       .....     NoTele   +   (boots currently unavailable)
Stlth    ++........             (no amulet)
HPRegen  0.16/turn              (no ring)
MPRegen  0.14/turn              (no ring)

@: brilliant, lethally poisoned (0 -> -9), tree-form, very slightly
contaminated, invisible
A: distributed training, strong nose
a: Renounce Religion


You were on level 5 of the Dungeon.
You worshipped Trog.
Trog was noncommittal.
You were not hungry.
You were a tree.
You visited 2 branches of the dungeon, and saw 6 of its levels.

You collected 155 gold pieces.

Inventory:

Hand Weapons
 a - a +0 club
 e - a +0 short sword
 k - a +2 dagger of draining (weapon)
 m - a +0 hunting sling
Missiles
 b - 2 atropa-tipped darts
 l - 6 poisoned darts (quivered)
 n - 19 stones
 q - 19 arrows
Armour
 g - a +0 scale mail (melded)
 i - a +0 helmet (melded)
 o - a +0 pair of gloves (melded)
Jewellery
 d - an uncursed ring of ice {unknown}
Scrolls
 c - a scroll of teleportation
Comestibles
 f - 6 rations
 h - 8 chunks of flesh


   Skills:
 + Level 1.2 Fighting
 + Level 1.2 Short Blades
 + Level 1.2 Long Blades
 + Level 1.2 Axes
 + Level 1.2 Maces & Flails
 + Level 1.2 Polearms
 + Level 1.2 Staves
 + Level 1.2 Slings
 + Level 1.2 Bows
 + Level 1.2 Crossbows
 + Level 2.8 Throwing
 + Level 1.2 Armour
 + Level 1.2 Dodging
 + Level 2.6 Stealth
 + Level 1.2 Shields
 + Level 1.2 Unarmed Combat
 + Level 9.3 Spellcasting
 + Level 5.5 Conjurations
 + Level 2.2 Hexes
 + Level 1.0 Charms
 + Level 1.0 Summonings
 + Level 1.0 Necromancy
 + Level 1.0 Translocations
 + Level 1.0 Transmutations
 + Level 1.0 Fire Magic
 + Level 1.0 Ice Magic
 + Level 1.0 Air Magic
 + Level 1.0 Earth Magic
 + Level 1.0 Poison Magic
 + Level 1.3 Invocations
 + Level 1.2 Evocations


You had 20 spell levels left.
You knew the following spells:

 Your Spells              Type           Power        Failure   Level  Hunger
a - Magic Dart            Conj           ####         1%          1    None

Your spell library contained the following spells:

 Spells                   Type           Power        Failure   Level  Hunger
 Slow                     Hex            ###.....     7%          2    None
 Conjure Flame            Conj/Fire      ###.....     10%         3    None
 Blink                    Tloc           N/A          12%         2    None
 Call Imp                 Summ           ##......     12%         2    None
 Mephitic Cloud           Conj/Pois/Air  ###.....     13%         3    None


Dungeon Overview and Level Annotations

Branches:
Dungeon (5/15)             Temple (1/1) D:4

Altars:
Dithmenos
Fedhas
Hepliaklqana
Qazlal
Trog
Vehumet
Xom

Annotations:
D:3 Grinder
D:5 1 runed translucent door


Innate Abilities, Weirdness & Mutations

Your experience applies equally to all skills.
((You have very sharp teeth.))
Your uncanny sense of smell can sniff out nearby items.


Message History

The killer bee stings you but does no damage. x4
The killer bee stings you.
* * * LOW HITPOINT WARNING * * *
The killer bee stings you but does no damage.
It was a potion of invisibility.
You fade into invisibility!
You feel sick. The killer bee stings you.
* * * LOW HITPOINT WARNING * * *
The killer bee stings you.
* * * LOW HITPOINT WARNING * * *
The killer bee completely misses you. The killer bee stings you.
* * * LOW HITPOINT WARNING * * *
The killer bee stings you but does no damage. x2
The killer bee barely misses you.
The killer bee stings you but does no damage.
You are very lightly contaminated with residual magic.
You catch the helpless killer bee completely off-guard!
You puncture the killer bee! You drain the killer bee.
The killer bee is severely wounded.
You die...

.# §# ∆ .. # #
§. ..#. ## ..
#...##. #.
#..#... #......
...r..y###
#.Sy♣y# ##
.....###y.#.
.#### ...
......###....#
. ...##...<.#
............#
.....#..###...#
..#..... #..# ∆
..###... ..
##+# .


You could see 4 killer bees, an adder and a quokka (wandering).

Vanquished Creatures
  A bullfrog skeleton (D:4)
  Robin (D:3)
  An adder (D:2)
  2 orcs
  4 giant cockroaches
  10 goblins (D:3)
  5 hobgoblins (D:3)
  6 jackals
  A bat (D:3)
  2 frilled lizards
  5 kobolds
  A leopard gecko skeleton (D:4)
  2 rats
41 creatures vanquished.

Notes
Turn   | Place    | Note
-------+----------+-------------------------------------------
     0 | D:1      | Reached skill level 9 in Spellcasting
     0 | D:1      | Chiseanne the Gnoll Wanderer began the quest for the Orb.
     0 | D:1      | Chiseanne set off with the following items: a +0 club, a
                  | potion of curing, a scroll of teleportation, a +0 robe, a
                  | ration; and the following spell memorised: Magic Dart; and
                  | the following spells available to memorise: Slow, Conjure
                  | Flame, Blink, Call Imp, Mephitic Cloud
     0 | D:1      | Reached XP level 1. HP: 13/13 MP: 10/10
    54 | D:4      | Found a blossoming altar of Fedhas.
   509 | D:4      | Reached XP level 2. HP: 7/20 MP: 12/12
   509 | D:4      | Reached XP level 3. HP: 8/25 MP: 13/13
   728 | D:3      | Noticed Grinder
   742 | D:4      | Found a hazy altar of Hepliaklqana.
   745 | D:4      | Found a stormy altar of Qazlal.
   748 | D:4      | Found a shimmering altar of Xom.
   802 | D:5      | Entered Level 5 of the Dungeon
   802 | D:5      | Noticed a killer bee
   802 | D:5      | Noticed a killer bee
   802 | D:5      | Noticed a killer bee
   802 | D:5      | Noticed a killer bee
   818 | D:5      | Found a shadowy altar of Dithmenos.
  1043 | D:5      | Found a runed translucent door.
  1071 | D:4      | Found a staircase to the Ecumenical Temple.
  1077 | Temple   | Entered the Ecumenical Temple
  1087 | Temple   | Became a worshipper of Trog the Wrathful
  1125 | D:3      | Reached skill level 1 in Invocations
  1342 | D:3      | Noticed Robin
  1361 | D:3      | Killed Robin
  1361 | D:3      | Reached skill level 1 in Fighting
  1361 | D:3      | Reached skill level 1 in Short Blades
  1361 | D:3      | Reached skill level 1 in Long Blades
  1361 | D:3      | Reached skill level 1 in Axes
  1361 | D:3      | Reached skill level 1 in Maces & Flails
  1361 | D:3      | Reached skill level 1 in Polearms
  1361 | D:3      | Reached skill level 1 in Staves
  1361 | D:3      | Reached skill level 1 in Slings
  1361 | D:3      | Reached skill level 1 in Bows
  1361 | D:3      | Reached skill level 1 in Crossbows
  1361 | D:3      | Reached skill level 1 in Armour
  1361 | D:3      | Reached skill level 1 in Dodging
  1361 | D:3      | Reached skill level 1 in Shields
  1361 | D:3      | Reached skill level 1 in Unarmed Combat
  1361 | D:3      | Reached skill level 1 in Evocations
  1376 | D:3      | Reached XP level 4. HP: 27/32 MP: 15/15
  1955 | D:3      | Reached skill level 1 in Charms
  1955 | D:3      | Reached skill level 1 in Summonings
  1955 | D:3      | Reached skill level 1 in Necromancy
  1955 | D:3      | Reached skill level 1 in Translocations
  1955 | D:3      | Reached skill level 1 in Transmutations
  1955 | D:3      | Reached skill level 1 in Fire Magic
  1955 | D:3      | Reached skill level 1 in Ice Magic
  1955 | D:3      | Reached skill level 1 in Air Magic
  1955 | D:3      | Reached skill level 1 in Earth Magic
  1955 | D:3      | Reached skill level 1 in Poison Magic
  1988 | D:5      | HP: 1/48 [killer bee (3)]
  1989 | D:5      | Succumbed to a killer bee's poison

Illustrated notes

Levels and vault maps discovered:
D:1:      tarquinn_simple_flora_water_b, layout_basic, minmay_strange_pillars,
          minmay_misc_feat_plants, kennysheep_flooded_box,
          chequers_serial_rivers_marsh, serial_bayou_lagoon_a, nrook_campfire
D:2:      layout_loops_ring, first_ration
D:3:      layout_rooms, minmay_goblin_outpost, uniq_jessica, uniq_robin,
          uniq_grinder
D:4:      layout_basic, overflow_temple_1_default,
          grunt_temple_overflow_diamond, minmay_temple_entry_hall,
          nicolae_ru_sacrificial_ziggurat
D:5:      layout_rooms, old_standard_altar, grunt_dithmenos_smoke,
          ebering_ghost_sewer_f
Temple:   regret_index_temple_waves

Skill      XL: |  1  2  3  4 |
---------------+-------------+-----
Spellcasting   | |  9.3
Hexes          | 2 |  2.2
Invocations    | 1 |  1.3
Fighting       | 1 |  1.2
Short Blades   | 1 |  1.2
Long Blades    | 1 |  1.2
Axes           | 1 |  1.2
Maces & Flails | 1 |  1.2
Polearms       | 1 |  1.2
Staves         | 1 |  1.2
Slings         | 1 |  1.2
Bows           | 1 |  1.2
Crossbows      | 1 |  1.2
Armour         | 1 |  1.2
Dodging        | 1 |  1.2
Shields        | 1 |  1.2
Unarmed Combat | 1 |  1.2
Evocations     | 1 |  1.2
Charms         | 1 |  1.0
Summonings     | 1 |  1.0
Necromancy     | 1 |  1.0
Translocations | 1 |  1.0
Transmutations | 1 |  1.0
Fire Magic     | 1 |  1.0
Ice Magic      | 1 |  1.0
Air Magic      | 1 |  1.0
Earth Magic    | 1 |  1.0
Poison Magic   | 1 |  1.0
Throwing       | |  2.8
Stealth        | |  2.6
Conjurations   | |  5.5

Action                   |  1- 3 |  4- 6 || total
-------------------------+-------+-------++-------
Melee: Club              |    74 |       ||    74
       Bite              |    10 |     8 ||    18
       Short sword       |    12 |    62 ||    74
       Dagger            |       |    19 ||    19
Throw: Dart              |     6 |       ||     6
  Use: Potion            |     2 |     3 ||     5
       Scroll            |       |     1 ||     1
 Stab: Sleeping          |     1 |       ||     1
       Invisible         |       |     1 ||     1
  Eat: Chunk             |     1 |     3 ||     4
Armor: Scale mail        |    51 |    43 ||    94
       Skin              |       |    18 ||    18
Dodge: Dodged            |    67 |    54 ||   121

Table legend:
 A = Non-vault XP
 B = Vault XP
 C = Vault XP percentage of total XP
 D = Non-vault monster count
 E = Vault monster count
 F = Vault count percentage of total count
                 A         B        C        D         E       F
            +---------+---------+-------+---------+---------+-------
      Total |      95 |      42 |  30.7 |      26 |      15 |  36.6
            +---------+---------+-------+---------+---------+-------
        D:2 |      19 |       0 |   0.0 |       5 |       0 |   0.0
        D:3 |      22 |      42 |  65.6 |      13 |      15 |  53.6
        D:4 |      54 |       0 |   0.0 |       8 |       0 |   0.0
            +---------+---------+-------+---------+---------+-------
